 Seeded DCSS version 0.31-a0-835-g2a3a5bc (webtiles) character file.

Game seed: 1171511467708235730 (custom seed)

210409 BarneyGumball the Crack Shot (level 17, -15/95 HPs)
             Began as a Kobold Gladiator on Sept 24, 2023.
             Was the Champion of Ru.
             Succumbed to a redback's poison
             ... on level 3 of the Spider Nest on Sept 25, 2023.
             The game lasted 02:28:36 (37317 turns).

BarneyGumball the Crack Shot (Kobold Gladiator)    Turns: 37317, Time: 02:28:36

Health: -15/95     AC: 21    Str: 12    XL:     17   Next: 57%
Magic:  17/17      EV: 28    Int: 12    God:    Ru [******]
Gold:   2835       SH:  0    Dex: 23    Spells: 16/16 levels left

rFire   + + .        a - +3 triple crossbow (drain)
rCold   + . .        (shield currently unavailable)
rNeg    . . .        e - +0 swamp dragon scales
rPois   +            c - +2 helmet
rElec   +            N - +0 cloak "Goedock" {+Blink Int+4}
rCorr   +            y - +2 pair of gloves {hurl}
SInv    +            F - +2 pair of boots
Will    +....        u - amulet "Yteoj" {RegenMP Harm rElec rF+ rCorr} Stlth
                     A - ring "Zont" {+Blink rF+ rC+ SInv Stlth-}
HPRegen 0.35/turn    Z - +4 ring of slaying
MPRegen 0.55/turn

%: harm (+30% outgoing, +20% incoming)
@: lethally poisoned (-15 -> -213)
A: small, no large weapons, frail 2, nightstalker 3, no stealth, hated by all,
no fire magic, no hexes magic, no summoning magic, inexperienced 2, no forms,
dopey 1, wild magic 1
}: 1/15 runes: decaying
a: Renounce Religion, Evoke Blink, Draw Out Power, Power Leap, Apocalypse


You were on level 3 of the Spider Nest.
You worshipped Ru.
Ru was exalted by your worship.
You visited 5 branches of the dungeon, and saw 30 of its levels.

You collected 4278 gold pieces.
You spent 1443 gold pieces at shops.

Inventory:

Hand Weapons
 a - a +3 triple crossbow of draining (weapon)
Missiles
 I - 10 curare-tipped darts
Armour
 c - a +2 helmet (worn)
 e - +0 swamp dragon scales (worn)
 r - the +5 ring mail "Len Kixt" {*Slow rElec Dex+3}
   (You found it on level 4 of the Dungeon)

   Dex+3:     It affects your dexterity (+3).
   rElec:     It insulates you from electricity.
   *Slow:     It may slow you when you take damage.
 y - a +2 pair of gloves of hurling (worn)
 F - a +2 pair of boots (worn)
 L - a +1 leather armour of willpower
 N - the +0 cloak "Goedock" (worn) {+Blink Int+4}
   (You found it on level 1 of the Lair of Beasts)

   Int+4:     It affects your intelligence (+4).
   +Blink:    It lets you blink.
Jewellery
 d - a ring of willpower
 q - a +6 ring of dexterity
 s - a +5 ring of evasion
 u - the amulet "Yteoj" (around neck) {RegenMP Harm rElec rF+ rCorr}
   (You found it on level 1 of the Swamp)

   [amulet of magic regeneration]

   RegenMP:   It increases your rate of magic regeneration.
   rF+:       It protects you from fire.
   rElec:     It insulates you from electricity.
   rCorr:     It protects you from acid and corrosion.
   Harm:      It increases damage dealt and taken.
 v - a ring of poison resistance
 A - the ring "Zont" (left hand) {+Blink rF+ rC+ SInv Stlth-}
   (You found it on level 1 of the Swamp)

   [ring of protection from fire]

   rF+:       It protects you from fire.
   rC+:       It protects you from cold.
   SInv:      It lets you see invisible.
   +Blink:    It lets you blink.
   Stlth-:    It makes you less stealthy.
 P - a ring of protection from cold
 T - a ring of positive energy
 U - a ring of protection from fire
 Z - a +4 ring of slaying (right hand)
Wands
 i - a wand of quicksilver (12)
 B - a wand of digging (2)
 H - a wand of roots (20)
 J - a wand of polymorph (8)
 K - a wand of flame (32)
 V - a wand of mindburst (12)
Scrolls
 j - 3 scrolls of poison
 n - 2 scrolls of revelation
 o - 7 scrolls of amnesia
 w - 4 scrolls of torment
 x - 4 scrolls of immolation
 D - 2 scrolls of blinking
 E - 2 scrolls of fear
 G - 8 scrolls of teleportation
 M - 9 scrolls of identify
 W - 4 scrolls of vulnerability
 Y - 3 scrolls of fog
Potions
 f - 3 potions of enlightenment
 h - 11 potions of ambrosia
 k - 5 potions of attraction
 m - 4 potions of curing
 p - a potion of might
 t - a potion of magic
 z - 2 potions of berserk rage
 O - 3 potions of mutation
 Q - 2 potions of heal wounds
 R - 4 potions of brilliance
 S - a potion of resistance
Miscellaneous
 g - a lightning rod (4/4)


   Skills:
 - Level 17.6 Fighting
 - Level 7.0 Long Blades
 + Level 23.6 Ranged Weapons
 - Level 4.0 Throwing
 - Level 8.7 Armour
 - Level 19.0 Dodging
 - Level 3.2 Shields
 - Level 12.0 Evocations


You had 16 spell levels left.
You didn't know any spells.
Your spell library contained the following spells:

 Spells                   Type           Power      Damage    Failure   Level
 Necrotise                Necr           0%         1d4       63%         1
 Blink                    Tloc           0%         N/A       75%         2
 Lesser Beckoning         Tloc           0%         N/A       75%         2
 Momentum Strike          Conj/Tloc      0%         3d8       75%         2
 Passwall                 Tmut/Erth      0%         N/A       75%         2
 Poisonous Vapours        Pois/Air       0%         N/A       75%         2
 Gell's Gravitas          Tloc           0%         N/A       92%         3
 Mephitic Cloud           Conj/Pois/Air  0%         N/A       92%         3
 Ozocubu's Armour         Ice            0%         N/A       92%         3
 Stone Arrow              Conj/Erth      0%         3d7       92%         3
 Swiftness                Air            0%         N/A       92%         3
 Teleport Other           Tloc           0%         N/A       92%         3
 Vampiric Draining        Necr           0%         2d6       92%         3
 Iskenderun's Mystic Bla  Conj/Tloc      0%         2d3       100%        4
 Manifold Assault         Tloc           0%         N/A       100%        4
 Agony                    Necr           0%         N/A       100%        5
 Alistair's Intoxication  Tmut/Pois      0%         N/A       100%        5
 Borgnjor's Vile Clutch   Necr/Erth      0%         N/A       100%        5
 Freezing Cloud           Conj/Ice/Air   0%         6-21      100%        5
 Eringya's Noxious Bog    Tmut/Pois      0%         4d6       100%        6
 Ozocubu's Refrigeration  Ice            0%         4d7       100%        7
 Lehudib's Crystal Spear  Conj/Erth      0%         10d2      100%        8
 Maxwell's Capacitive Co  Air            0%         ∞         100%        8
 Polar Vortex             Ice            0%         N/A       100%        9
 Ensorcelled Hibernation  Hex/Ice        Unusable   N/A       N/A         2
 Dazzling Flash           Conj/Hex       Unusable   N/A       N/A         3
 Inner Flame              Hex/Fire       Unusable   N/A       N/A         3
 Volatile Blastmotes      Fire/Tloc      Unusable   2d10      N/A         3
 Animate Armour           Summ/Erth      Unusable   N/A       N/A         4
 Flame Wave               Conj/Fire      Unusable   2d4       N/A         4
 Fulminant Prism          Conj/Hex       Unusable   3d5       N/A         4
 Sticky Flame             Conj/Fire      Unusable   2d3       N/A         4
 Metabolic Englaciation   Hex/Ice        Unusable   N/A       N/A         5
 Silence                  Hex/Air        Unusable   N/A       N/A         5
 Simulacrum               Ice/Necr       Unusable   N/A       N/A         6
 Starburst                Conj/Fire      Unusable   6d3       N/A         6

Dungeon Overview and Level Annotations

Branches:
Dungeon (15/15)            Temple (0/1) D:5            Lair (5/5) D:11
  Swamp (4/4) Lair:3       Spider (4/4) Lair:2        Slime (0/5) Lair:5
    Orc (2/2) D:9             Elf (0/3) Orc:2        Vaults (0/5) D:13
 Depths (0/4) D:15

Altars:
Elyvilon
Makhleb
Nemelex Xobeh
Ru
Sif Muna
Vehumet
Xom
Zin
The Shining One

Shops:
D:3 =   D:8 *   D:9 (   D:11 (*?   Orc:1 =:   Orc:2 *?*[

Annotations:
D:5 exclusion: steam dragon
D:7 Jeremiah
D:10 2 runed translucent doors, exclusions: 2 doors and orange crystal statue
D:14 2 transporters, dontdoit's ghost, journeyman DrWr
Swamp:4 Lernaean hydra
Orc:2 1 runed translucent door, exclusion: door, arghonaut's ghost, journeyman DrWr


Innate Abilities, Weirdness & Mutations

You are small and have problems with some larger weapons.
You are very frail. (-20% HP)
You are completely attuned to the shadows.
You cannot be stealthy.
You are hated by all.
You cannot study or cast Fire magic.
You cannot study or cast Hexes magic.
You cannot study or cast Summoning magic.
You are inexperienced. (-2 XL)
You cannot voluntarily change form.
You are dopey. (Int -2)
Your spells are a little harder to cast, but a little more powerful.


Message History

Fire: a) +3 triple crossbow (drain)
Press: ? - help, Q - select action, (/) - cycle Shift-Dir - straight line, f - radroach
Aim: a radroach (heavily wounded, 87% to hit)
You shoot a bolt. The bolt hits the radroach.
You drain the radroach.
The radroach is heavily wounded.
The radroach bites you but does no damage.
The radroach claws you but does no damage.
Fire: a) +3 triple crossbow (drain)
Press: ? - help, Q - select action, (/) - cycle Shift-Dir - straight line, f/p - radroach
Aim: a radroach (heavily wounded, lightly drained, 87% to hit)
You shoot a bolt. The bolt hits the radroach!!!!
You kill the radroach!
There is a stone staircase leading down, spattered with blood here.
You start resting.
You feel less exhausted.
You start resting.
Magic restored.
You start resting.
HP restored.
You climb downwards.
The redback is stunned by your conviction and fails to attack.
The redback bites you but does no damage.
The redback bites you! The steelbarb worm barely misses you.
The redback bites you but does no damage.
You redirect the ghost moth's attack!
Being near the torpor snail leaves you feeling lethargic.
The redback barely misses you. x2; The steelbarb worm misses you.
There is a stone staircase leading up, spattered with blood here.
The redback bites you!
You are lethally poisoned!
The redback poisons you! The redback completely misses you.
The redback bites you but does no damage.
The steelbarb worm misses you. The redback bites you!
You focus your inner power and blind the redback in retribution!
The redback completely misses you. x2
The steelbarb worm completely misses you.
You climb upwards.
You feel yourself speed up.
Ouch! That really hurt!
You die...

##.........^...
#.........##...
#...#..........
##..........##..
##.....#.^....#..
#......####......
#.....^...#......
###^..^...>[......
#@s..^#...##^..#.#
##sw..#^.#.#....#..
#..†s.#.........#..
#........[..†.#....
#......##...##.....
##^.....#..##.....#
####......^#......
#.....^.^#.....
##.^#..........


You could see a steelbarb worm and 3 redbacks.

Vanquished Creatures
  Arachne (Spider:3)
  Jorgrun (Orc:2)
  Agnes (Spider:3)
  4 emperor scorpions
  6 ghost moths
  A broodmother (Spider:2)
  5 eleionomae
  6 bunyips
  5 spark wasps
  Josephine (D:15)
  2 entropy weavers
  2 ghost crabs
  18 hydras
  4 ogre magi
  2 jorogumos
  Harold (D:11)
  4 centaur warriors
  8 alligators
  5 boulder beetles
  4 radroaches
  17 two-headed ogres
  A vampire mage (D:15)
  A tengu warrior (D:13)
  A death scarab (Spider:2)
  13 demonic crawlers
  Urug (D:12)
  4 death yaks (Lair:4)
  6 spriggans
  2 sun moths
  4 pharaoh ants
  2 skysharks (Lair:5)
  6 skeletal warriors
  4 goliath frogs
  10 swamp dragons
  3 spriggan druids
  2 deep trolls (Orc:2)
  5 bog bodies
  A lindwurm (Lair:2)
  8 orb spiders
  A necromancer (D:15)
  5 steelbarb worms
  A deep elf archer (D:13)
  2 deep elf pyromancers (D:13)
  Pikel (D:8)
  A fire giant zombie (D:15)
  3 orc knights
  4 orc sorcerers
  19 wolf spiders
  2 iron dragon zombies (D:15)
  5 will-o-the-wisps
  8 ugly things
  7 cyclopes
  3 black mambas
  A black mamba (shapeshifter) (D:13)
  27 elephants
  9 torpor snails
  2 manticores
  A moth of wrath (Spider:1)
  3 gargoyles
  24 cane toads
  Maggie (D:7)
  3 kobold demonologists
  2 rime drakes (Lair:3)
  9 komodo dragons
  3 tengu conjurers
  An efreet (D:15)
  A guardian mummy (D:15)
  12 meliai
  11 trolls
  2 polar bears
  A queen bee (Spider:2)
  5 hornets
  A wolf spider simulacrum (D:14)
  14 tyrant leeches
  24 tarantellas
  25 blink frogs
  7 dream sheep (Lair:5)
  15 jumping spiders
  2 shadows (D:12)
  4 wraiths
  21 culicivoras
  16 slime creatures
  A vampire (D:13)
  A water elemental (D:11)
  A wyvern (D:10)
  79 yaks
  2 hogs (D:13)
  5 basilisks
  18 vampire mosquitoes
  31 redbacks
  A steam dragon (Lair:2)
  16 swamp worms
  A warg (Orc:1)
  6 acid dragons
  A glowing shapeshifter zombie (D:15)
  8 water moccasins
  11 orc warriors
  4 black bears
  4 swamp drakes (Swamp:4)
  26 ogres
  7 wolves
  6 boggarts
  9 centaurs
  2 phantoms (D:6)
  8 kobold brigands
  19 bullfrogs
  2 gnoll sergeants
  4 wights (D:6)
  16 killer bees (Spider:2)
  5 electric eels
  10 howler monkeys
  9 hounds
  A gnoll bouda (D:7)
  10 orc priests
  4 jellies
  4 iguanas (D:6)
  A sleepcap (D:6)
  Terence (D:2)
  13 orc wizards
  18 gnolls
  13 adders
  A white imp (D:7)
  An ufetubus (D:5)
  2 worms (D:4)
  2 dart slugs
  50 orcs
  7 ball pythons
  15 endoplasms
  3 giant cockroaches
  4 goblins
  9 hobgoblins
  21 kobolds
  3 quokkas
  3 bats
  3 rats
  A butterfly (Lair:1)
984 creatures vanquished.

Vanquished Creatures (others)
  An eleionoma (Swamp:4)
  A centaur warrior (D:14)
  An alligator (Swamp:2)
  A spriggan druid (Swamp:1)
  A sun moth (Spider:3)
  A steelbarb worm (Spider:3)
  A wolf spider (Spider:3)
  An elephant (Lair:4)
  A cane toad (Lair:5)
  A gargoyle (D:12)
  A bloated husk (Swamp:4)
  A slime creature (D:15)
  A yak (Lair:2)
  A redback (Spider:3)
  22 foxfires
36 creatures vanquished.

Grand Total: 1020 creatures vanquished

Notes
Turn   | Place    | Note
-------+----------+-------------------------------------------
     0 | D:1      | BarneyGumball the Kobold Gladiator began the quest for the
                  | Orb.
     0 | D:1      | Reached XP level 1. HP: 12/12 MP: 1/1
   152 | D:1      | Reached skill level 1 in Stealth
   297 | D:1      | Reached XP level 2. HP: 17/17 MP: 2/2
  1060 | D:2      | Reached XP level 3. HP: 21/21 MP: 3/3
  1234 | D:2      | Reached XP level 4. HP: 26/26 MP: 4/4
  1620 | D:2      | Noticed Terence
  1632 | D:2      | Killed Terence
  1903 | D:3      | Identified the +1 robe "Wikaiwan" {rElec rF- rC+ Stlth+}
  1914 | D:3      | Reached XP level 5. HP: 30/30 MP: 5/5
  2091 | D:3      | Found Jozoekh's Jewellery Shoppe.
  2230 | D:3      | Found a shimmering blue altar of Sif Muna.
  2386 | D:3      | Found a sacrificial altar of Ru.
  2389 | D:3      | Became a worshipper of Ru the Awakened
  2591 | D:4      | Noticed an ogre
  2670 | D:4      | Killed an ogre
  2671 | D:4      | Reached XP level 6. HP: 20/35 MP: 6/6
  2745 | D:4      | Identified the +5 ring mail "Len Kixt" {*Slow rElec Dex+3}
  3429 | D:5      | Entered Level 5 of the Dungeon
  3467 | D:5      | Reached skill level 5 in Long Blades
  3569 | D:5      | Found a staircase to the Ecumenical Temple.
  3577 | D:5      | Reached XP level 7. HP: 40/40 MP: 7/7
  3662 | D:5      | Gained mutation: You cannot voluntarily change form. [Ru
                  | sacrifice]
  4149 | D:5      | Noticed a steam dragon
  4682 | D:6      | Reached skill level 1 in Shields
  4789 | D:3      | Bought a ring of poison resistance for 240 gold pieces
  4968 | D:6      | Reached XP level 8. HP: 42/44 MP: 8/8
  5519 | D:6      | Reached skill level 1 in Ranged Weapons
  5723 | D:6      | Reached skill level 2 in Ranged Weapons
  5966 | D:7      | Noticed Jeremiah
  6015 | D:7      | Noticed Maggie
  6067 | D:7      | Reached skill level 3 in Ranged Weapons
  6067 | D:7      | Reached XP level 9. HP: 33/52 MP: 7/9
  6309 | D:7      | Reached skill level 4 in Ranged Weapons
  6404 | D:8      | Found a burning altar of Makhleb.
  6405 | D:8      | Found a sparkling altar of Nemelex Xobeh.
  6647 | D:8      | Reached skill level 5 in Ranged Weapons
  6733 | D:8      | Reached skill level 5 in Fighting
  6757 | D:8      | Gained mutation: You cannot study or cast Fire magic. [Ru
                  | sacrifice]
  6757 | D:8      | Gained mutation: You cannot study or cast Hexes magic. [Ru
                  | sacrifice]
  6757 | D:8      | Gained mutation: You cannot study or cast Summoning magic.
                  | [Ru sacrifice]
  6757 | D:8      | Reached * piety under Ru
  6780 | D:8      | Noticed a centaur warrior
  6819 | D:8      | Noticed Pikel
  6907 | D:8      | Reached skill level 6 in Ranged Weapons
  6927 | D:8      | Killed Pikel
  6928 | D:8      | Reached skill level 8 in Ranged Weapons
  6929 | D:8      | Reached skill level 9 in Ranged Weapons
  7105 | D:8      | Found Nialosh's Assorted Antiques.
  7112 | D:8      | HP: 1/54 [centaur warrior/arrow (14)]
  7267 | D:9      | Noticed a two-headed ogre
  7714 | D:9      | Killed a two-headed ogre
  7715 | D:9      | Reached skill level 11 in Ranged Weapons
  7715 | D:9      | Reached XP level 10. HP: 50/59 MP: 8/10
  7759 | D:9      | Reached skill level 12 in Ranged Weapons
  7886 | D:9      | Reached skill level 13 in Ranged Weapons
  8036 | D:9      | Reached skill level 14 in Ranged Weapons
  8125 | D:9      | Found a staircase to the Orcish Mines.
  8127 | D:9      | Found Purot's Weapon Shop.
  8136 | D:9      | Bought a +0 orcbow of electrocution for 181 gold pieces
  8180 | D:9      | Identified the ring "Piseotwo" {+Blink MP+9 Int-4 Dex+6}
  8434 | D:9      | Reached XP level 11. HP: 58/63 MP: 11/11
  8436 | D:9      | Reached skill level 15 in Ranged Weapons
  8485 | D:9      | Noticed a two-headed ogre
  8489 | D:9      | Killed a two-headed ogre
  8644 | D:10     | Entered Level 10 of the Dungeon
  8660 | D:10     | Found a blossoming altar of Fedhas.
  8827 | D:10     | Reached skill level 16 in Ranged Weapons
  8842 | D:10     | Reached skill level 1 in Evocations
  8844 | D:10     | Reached skill level 1 in Armour
  9220 | D:10     | Found a runed translucent door.
  9295 | D:10     | Found a runed translucent door.
  9301 | D:10     | Noticed an orange crystal statue
  9421 | D:10     | Gained mutation: You are hated by all. [Ru sacrifice]
  9421 | D:10     | Reached ** piety under Ru
  9505 | D:10     | Found a shimmering altar of Xom.
  9644 | D:11     | Noticed a skeletal warrior
  9686 | D:11     | Noticed Harold
  9690 | D:11     | Found Hylozy's Magic Scroll Emporium.
  9710 | D:11     | Noticed a skeletal warrior
  9793 | D:8      | Killed a centaur warrior
 10070 | D:7      | Reached skill level 5 in Dodging
 10144 | D:7      | Found a white marble altar of Elyvilon.
 10144 | D:7      | Found a glowing golden altar of the Shining One.
 10144 | D:7      | Found a glowing silver altar of Zin.
 10319 | D:7      | Killed Maggie
 10446 | D:11     | Noticed a skeletal warrior
 10446 | D:11     | Noticed a skeletal warrior
 10446 | D:11     | Noticed a skeletal warrior
 10497 | D:11     | Killed Harold
 10549 | D:11     | Bought a scroll of blinking for 105 gold pieces
 10549 | D:11     | Bought a scroll of teleportation for 42 gold pieces
 10569 | D:11     | Killed a skeletal warrior
 10642 | D:11     | Killed a skeletal warrior
 10807 | D:11     | Noticed a cyclops
 10811 | D:11     | Killed a cyclops
 10812 | D:11     | Reached XP level 12. HP: 71/71 MP: 12/12
 10963 | D:11     | Found a staircase to the Lair.
 11092 | D:11     | Found Silozo's General Store.
 11178 | D:11     | Killed a skeletal warrior
 11391 | D:11     | Killed a skeletal warrior
 11750 | D:11     | Found Fuot's Antique Weapon Shop.
 11804 | D:11     | Killed a skeletal warrior
 11847 | Lair:1   | Entered Level 1 of the Lair of Beasts
 11961 | Lair:1   | Gained mutation: You are frail. (-10% HP) [Ru sacrifice]
 11961 | Lair:1   | Reached *** piety under Ru
 12026 | Lair:1   | Reached skill level 5 in Armour
 12030 | Lair:1   | Reached skill level 10 in Dodging
 12373 | Lair:1   | Reached XP level 13. HP: 71/71 MP: 13/13
 12446 | Lair:1   | Identified the +0 cloak "Goedock" {+Blink Int+4}
 13472 | Lair:2   | Identified the +0 robe of Entitlement {Contam Int+8}
 13566 | Lair:2   | Noticed a seven-headed hydra
 13601 | Lair:2   | Reached skill level 10 in Fighting
 13667 | Lair:2   | Killed a seven-headed hydra
 13874 | Lair:2   | Found a hole to the Spider Nest.
 14115 | Lair:2   | Gained mutation: You cannot be stealthy. [Ru sacrifice]
 14115 | Lair:2   | Reached **** piety under Ru
 14617 | Lair:3   | Found a staircase to the Swamp.
 15075 | D:3      | Bought a ring of protection from cold for 300 gold pieces
 15525 | Lair:3   | Reached XP level 14. HP: 79/79 MP: 14/14
 16896 | Lair:4   | Gained mutation: You are somewhat inexperienced. (-1 XL)
                  | [Ru sacrifice]
 16896 | Lair:4   | Reached XP level 13. HP: 78/78 MP: 22/22
 16896 | Lair:4   | Reached ***** piety under Ru
 17269 | Lair:5   | Entered Level 5 of the Lair of Beasts
 17920 | Lair:5   | Reached skill level 17 in Ranged Weapons
 17991 | Lair:5   | Reached XP level 14. HP: 83/84 MP: 14/14
 18411 | Lair:5   | Identified the +1 plate armour of Limited Liability
                  | {Regen+}
 18527 | Lair:5   | Gained mutation: You are inexperienced. (-2 XL) [Ru
                  | sacrifice]
 18527 | Lair:5   | Reached XP level 13. HP: 79/79 MP: 22/22
 18527 | Lair:5   | Reached ****** piety under Ru
 18638 | Lair:5   | Found a staircase to the Slime Pits.
 19357 | D:3      | Bought a ring of protection from fire for 300 gold pieces
 19607 | D:12     | Reached skill level 15 in Dodging
 19786 | D:12     | Reached skill level 18 in Ranged Weapons
 19887 | D:12     | Gained mutation: You are very frail. (-20% HP) [a neqoxec]
 19892 | D:12     | Noticed Urug
 19893 | D:12     | Gained mutation: You are clumsy. (Dex -2) [a neqoxec]
 19898 | D:12     | Gained mutation: You occasionally shout uncontrollably at
                  | your foes. [a neqoxec]
 19909 | D:12     | Killed Urug
 20944 | D:13     | Found a gate to the Vaults.
 20976 | D:13     | Found a white marble altar of Elyvilon.
 21776 | D:14     | Identified the +3 falchion of the Evil Eye {heavy, rF+ rN+
                  | Str+3}
 21861 | D:14     | Reached XP level 14. HP: 76/76 MP: 14/14
 21957 | D:14     | Found a transporter.
 21975 | D:14     | Found a transporter.
 22417 | D:14     | Noticed dontdoit's ghost (journeyman DrWr)
 22599 | D:15     | Entered Level 15 of the Dungeon
 22874 | D:15     | Reached skill level 5 in Evocations
 22907 | D:15     | Reached skill level 15 in Fighting
 22907 | D:15     | Reached skill level 19 in Ranged Weapons
 23526 | D:15     | Found a staircase to the Depths.
 23602 | D:15     | Noticed Josephine
 23607 | D:15     | Killed Josephine
 24234 | Orc:1    | Entered Level 1 of the Orcish Mines
 24345 | Orc:1    | Found Ilorapni's Jewellery Shop.
 24362 | Orc:1    | Paralysed by an ogre mage for 5 turns
 24534 | Orc:1    | Paralysed by an ogre mage for 5 turns
 24658 | Orc:1    | Bought a ring of willpower for 275 gold pieces
 24672 | Orc:1    | Found Osiesam's Book Shop.
 24806 | Orc:2    | Entered Level 2 of the Orcish Mines
 24806 | Orc:2    | Found a staircase to the Elven Halls.
 25271 | Orc:2    | Found a runed translucent door.
 25284 | Orc:2    | Noticed arghonaut's ghost (journeyman DrWr)
 25348 | Orc:2    | Found a radiant altar of Vehumet.
 25355 | Orc:2    | Noticed Jorgrun
 25364 | Orc:2    | Killed Jorgrun
 25885 | Orc:2    | Reached XP level 15. HP: 79/83 MP: 13/15
 25947 | Orc:2    | Found Xukon's Assorted Antiques.
 25954 | Orc:2    | Found Sichef's Antique Armour Boutique.
 25959 | Orc:2    | Found Jimadisa's Magic Scroll Shoppe.
 25978 | Orc:2    | Found Xydgh's General Store.
 26050 | D:9      | Upgraded the game from 0.31-a0-831-g143b1e8 to
                  | 0.31-a0-835-g2a3a5bc
 26155 | Spider:1 | Entered Level 1 of the Spider Nest
 26765 | Spider:1 | Reached skill level 20 in Ranged Weapons
 29788 | Spider:2 | Reached skill level 10 in Evocations
 30504 | Spider:3 | Noticed Arachne
 30512 | Spider:2 | Reached XP level 16. HP: 75/88 MP: 13/16
 30895 | Spider:3 | Reached skill level 21 in Ranged Weapons
 30968 | Swamp:1  | Entered Level 1 of the Swamp
 31001 | Swamp:1  | Identified the amulet "Yteoj" {RegenMP Harm rElec rF+
                  | rCorr}
 31354 | Swamp:1  | Identified the ring "Zont" {+Blink rF+ rC+ SInv Stlth-}
 33671 | Swamp:4  | Entered Level 4 of the Swamp
 34132 | Swamp:4  | Identified the +2 leather armour of the Sky {Contam Str-5
                  | Int+9 Stlth+}
 34273 | Swamp:4  | Identified a scroll of acquirement
 34276 | Swamp:4  | Acquired 1093 gold pieces
 34464 | Swamp:4  | Noticed the 27-headed Lernaean hydra
 34672 | Swamp:4  | Reached XP level 17. HP: 65/92 MP: 17/17
 34931 | Swamp:4  | Got a decaying rune of Zot
 34964 | Swamp:4  | Acquired a +1 triple crossbow of draining
 35295 | Spider:3 | Noticed Agnes
 35593 | Spider:4 | Entered Level 4 of the Spider Nest
 35604 | Spider:3 | Reached skill level 22 in Ranged Weapons
 36149 | Spider:3 | Killed Agnes
 36156 | Spider:3 | Killed Arachne
 36436 | Spider:3 | Reached skill level 23 in Ranged Weapons
 37120 | Spider:3 | Lost mutation: You occasionally shout uncontrollably at
                  | your foes. [potion of mutation]
 37120 | Spider:3 | Lost mutation: You are clumsy. (Dex -2) [potion of
                  | mutation]
 37120 | Spider:3 | Gained mutation: Your spells are a little harder to cast,
                  | but a little more powerful. [potion of mutation]
 37120 | Spider:3 | Gained mutation: You are dopey. (Int -2) [potion of
                  | mutation]
 37317 | Spider:3 | Succumbed to a redback's poison

Illustrated notes

Levels and vault maps discovered:
D:1:      minmay_arrival_jagged, layout_basic
D:2:      layout_rooms, uniq_terence
D:3:      layout_basic, lemuel_doored_altar, mainiacjoe_overflow_alcove_2,
          serial_shops, shop
D:4:      layout_cave_pods
D:5:      layout_loops_corners, minmay_temple_entry_proselytizer
D:6:      layout_basic
D:7:      layout_basic, good_gods_mini_temple, chequers_mini_garden,
          dk_noncrumbling_2, uniq_jeremiah, uniq_maggie
D:8:      layout_loops_cross, grunt_temple_overflow_open, serial_shops,
          nicolae_shop_overgrown_old_shop, uniq_pikel
D:9:      layout_roguey, orc_david_3
D:10:     layout_long_grid, lemuel_crystal_altar, fedhas_altar_4,
          chequers_guarded_unrand_ignorance
D:11:     layout_gridville, erik_lair_island, serial_shops, shop,
          nicolae_shop_waterfront, shop, minmay_statues_item, uniq_harold
D:12:     layout_cave_pools, uniq_urug
D:13:     layout_loops_ring, hangedman_vaults_entry_quadrant_bands,
          elyvilon_altar_3, uniq_kirke
D:14:     layout_roguey, gammafunk_ghost_wrathful_warriors,
          roderic_roman_lattice
D:15:     gammafunk_depths_entry_grave, layout_loops_ring, uniq_josephine
Lair:1:   layout_long_grid, serial_bayou_shore_a, lemuel_fruit_fields
Lair:2:   layout_hall_layers, nicolae_spider_entry_tight_spaces,
          gauntlet_entry_generic, infiniplex_staircase_pool_2,
          grunt_megastairs_5, serial_bayou_shore_b
Lair:3:   layout_cave_pods, swamp_mist
Lair:4:   layout_cave_pods
Lair:5:   minmay_lair_end_frog_pond, layout_regular_city,
          nicolae_slime_entry_slimehenge, disabler_island
Swamp:1:  layout_basic_swamp, evilmike_swamp_ruin_house_2
Swamp:2:  layout_basic_swamp, infiniplex_staircase_pool
Swamp:3:  layout_basic_swamp, hangedman_swamp_diagram, hangedman_swamp_cone,
          swamp_pool2, nicolae_swamp_dense_foliage
Swamp:4:  swamp_old_school, layout_basic_swamp, swamp_pool2,
          nicolae_swamp_very_dense_foliage
Spider:1: layout_spider_delve, nicolae_spider_moth_buddies
Spider:2: nicolae_spider_hilbert_zone_4 [nicolae_spider_hilbert_4_sides_2_open,
          nicolae_spider_hilbert_4_sides_1_open,
          nicolae_spider_hilbert_4_sides_1_open,
          nicolae_spider_hilbert_4_sides_1_open,
          nicolae_spider_hilbert_4_sides_1_open,
          nicolae_spider_hilbert_2_sides_1_open,
          nicolae_spider_hilbert_2_sides_1_open,
          nicolae_spider_hilbert_2_sides_1_open,
          nicolae_spider_hilbert_2_sides_1_open,
          nicolae_spider_hilbert_6_sides_1_open,
          nicolae_spider_hilbert_6_sides_1_open,
          nicolae_spider_hilbert_3_sides_1_open,
          nicolae_spider_hilbert_3_sides_1_open], special_room
          [special_room_bee]
Spider:3: nicolae_spider_mines_2, hangedman_spider_tarantella_strand,
          uniq_agnes, uniq_arachne
Spider:4: guppyfry_spider_rune, nicolae_spider_not_touching_you
Orc:1:    layout_caves, serial_shops, nicolae_shop_statue_plus, shop
Orc:2:    st_orc_open, layout_diamond_mine, basic_altar,
          hellmonk_ghost_happy_afterlife, uniq_jorgrun

Skill      XL: |  1  2  3  4  5  6  7  8  9 10 11 12 13 14 15 16 17 |
---------------+----------------------------------------------------+-----
Stealth        | 1 2 0 |  0.0
Long Blades    | 3 4 5 6 7 |  7.0
Throwing       | 3 4 |  4.0
Shields        | 1 3 |  3.2
Ranged Weapons | 3 11 14 16 18 19 20 21 23 | 23.6
Fighting       | 3 5 6 8 14 15 16 17 | 17.6
Evocations     | 4 7 10 11 12 | 12.0
Armour         | 3 5 7 8 |  8.7
Dodging        | 6 10 15 17 18 19 | 19.0

Action                     |  1- 3 |  4- 6 |  7- 9 | 10-12 | 13-15 | 16-18 || total
---------------------------+-------+-------+-------+-------+-------+-------++-------
  Melee: Long sword        |    49 |   118 |   139 |       |       |       ||   306
         Punch             |       |     1 |       |       |       |       ||     1
         Orcbow            |       |       |     3 |       |       |       ||     3
   Fire: Orcbow            |       |       |   158 |   482 |  1503 |     5 ||  2148
         Arbalest          |       |       |       |       |   671 |   554 ||  1225
         Triple crossbow   |       |       |       |       |       |    52 ||    52
  Throw: Throwing net      |       |     4 |     1 |       |       |       ||     5
         Boomerang         |       |       |     7 |       |       |       ||     7
         Dart              |       |       |     3 |       |       |       ||     3
 Invoke: Sacrifice Forms   |       |       |     1 |       |       |       ||     1
         Sacrifice Arcana  |       |       |     1 |       |       |       ||     1
         Sacrifice Love    |       |       |       |     1 |       |       ||     1
         Sacrifice Health  |       |       |       |     1 |       |       ||     1
         Power Leap        |       |       |       |       |     7 |     3 ||    10
         Sacrifice Experie |       |       |       |       |     2 |       ||     2
         Sacrifice Stealth |       |       |       |       |     1 |       ||     1
         Draw Out Power    |       |       |       |       |     2 |     3 ||     5
         Apocalypse        |       |       |       |       |     2 |     2 ||     4
Ability: Evoke Blink       |       |       |       |       |     3 |     3 ||     6
  Evoke: Wand              |       |       |       |       |     1 |       ||     1
    Use: Scroll            |       |     9 |     8 |     6 |    19 |    17 ||    59
         Potion            |       |       |     4 |       |     4 |     4 ||    12
   Stab: Sleeping          |     8 |    11 |     9 |       |       |       ||    28
         Distracted        |       |     1 |     1 |       |       |       ||     2
         Held in net/web   |       |     3 |       |       |       |       ||     3
 Armour: Leather armour    |    14 |     6 |       |       |       |       ||    20
         Ring mail         |       |    29 |   127 |    95 |   341 |    49 ||   641
         Acid dragon scale |       |       |       |       |   215 |    85 ||   300
         Swamp dragon scal |       |       |       |       |       |   203 ||   203
  Dodge: Dodged            |    35 |    70 |   221 |   213 |  1498 |   784 ||  2821
  Block: Buckler           |       |       |    26 |       |       |       ||    26

Table legend: (Time is in decaauts)
 A = Elapsed time spent in this place.
 B = Non-inter-level travel time spent in this place.
 C = Inter-level travel time spent in this place.
 D = Time resting spent in this place.
 E = Time spent auto-exploring this place.
 F = Levels seen in this place.
 G = Mean time per level.
                   A        B        C        D        E       F      G
               +--------+--------+--------+--------+--------+-----+--------+
         Total |  37612 |  33521 |   4091 |   5170 |  20407 |  30 | 1253.7 |
       Dungeon |  17751 |  15431 |   2320 |   1527 |  10642 |  15 | 1183.4 |
          Lair |   7159 |   6315 |    844 |    551 |   4309 |   5 | 1431.8 |
         Swamp |   4537 |   4116 |    421 |    619 |   2222 |   4 | 1134.2 |
   Spider Nest |   6454 |   6064 |    390 |   2299 |   2225 |   4 | 1613.5 |
  Orcish Mines |   1708 |   1594 |    114 |    173 |   1007 |   2 |  854.0 |
               +--------+--------+--------+--------+--------+-----+--------+

Top non-repeatable levels by time:
Spider:2: 2815 daAuts
Spider:3: 2006 daAuts
     D:8: 1674 daAuts
Spider:1: 1565 daAuts
  Lair:5: 1530 daAuts
  Lair:2: 1524 daAuts
    D:15: 1514 daAuts
  Lair:1: 1458 daAuts
    D:11: 1456 daAuts
 Swamp:3: 1431 daAuts
  Lair:3: 1323 daAuts
  Lair:4: 1322 daAuts
     D:5: 1319 daAuts
    D:10: 1287 daAuts
 Swamp:4: 1253 daAuts
